 Dungeon Crawl Stone Soup version 0.18.1-6-gd335043 (webtiles) character file.

14552 oplop the Blocker (level 11, -1/100 HPs)
             Began as a Deep Dwarf Fighter on May 19, 2016.
             Was a Priest of Makhleb.
             Slain by a komodo dragon (25 damage)
             ... on level 2 of the Lair of Beasts.
             The game lasted 00:27:48 (11026 turns).

oplop the Blocker (Deep Dwarf Fighter)             Turns: 11026, Time: 00:27:49

Health: -1/100     AC:  8    Str: 20    XL:     11   Next: 90%
Magic:  14/14      EV: 14    Int:  7    God:    Makhleb [***...]
Gold:   329        SH: 13    Dex: 15    Spells: 0 memorised, 10 levels left

rFire  + . .     SeeInvis +     a - +1 war axe
rCold  . . .     Gourm    +     b - +0 scale mail
rNeg   . . .     Faith    .     c - +1 shield
rPois  +         Spirit   .     H - +1 helmet {SInv}
rElec  .         Dismiss  .     o - +0 cloak
rCorr  .         Reflect  .     Q - +0 pair of gloves
SustAt .         Harm     .     (no boots)
MR     +....     Rnd*Rage +     T - amulet of the gourmand
Stlth  ..........               j - ring of protection from fire
                                q - ring of poison resistance

@: non-regenerating, somewhat resistant to hostile enchantments, extremely
unstealthy
A: damage resistance, recharge devices, berserk 1, deformed body, dopey 1, high
mp 1, sense surroundings 2, slow regeneration 3, wild magic 1, MP-powered wands
a: Device Recharging, Minor Destruction, Lesser Servant of Makhleb, Renounce
Religion


You were on level 2 of the Lair of Beasts.
You worshipped Makhleb.
Makhleb was most pleased with you.
You were very full.

You visited 3 branches of the dungeon, and saw 16 of its levels.

You collected 722 gold pieces.
You spent 393 gold pieces at shops.

Inventory:

Hand Weapons
 a - a +1 war axe (weapon)
Missiles
 v - a throwing net (quivered)
Armour
 b - a +0 scale mail (worn)
 c - a +1 shield (worn)
 o - a +0 cloak (worn)
 H - a +1 helmet of see invisible (worn)
 Q - a +0 pair of gloves (worn)
Jewellery
 j - a ring of protection from fire (right hand)
 q - a ring of poison resistance (left hand)
 w - an uncursed ring of poison resistance
 y - an uncursed ring of wizardry
 T - an amulet of the gourmand (around neck)
Wands
 e - a wand of heal wounds (3/9)
 h - a wand of confusion (9/48)
 u - a wand of lightning (5/15)
 D - a wand of slowing (20/48)
 E - a wand of acid (4/15)
 F - a wand of flame (29/48)
 I - a wand of flame (24/48)
 U - a wand of lightning (8/15)
Scrolls
 g - a scroll of identify
 i - a scroll of blinking
 m - 5 scrolls of magic mapping
 x - 2 scrolls of teleportation
 B - 3 scrolls of enchant weapon
 K - 3 scrolls of remove curse
 M - a scroll of enchant armour
 R - a scroll of fog
Potions
 d - 2 potions of might
 k - 3 potions of brilliance
 l - a potion of haste
 n - 5 potions of resistance
 t - 3 potions of curing
 A - 2 potions of heal wounds
 C - a potion of flight
 J - 2 potions of agility
 L - a potion of cure mutation {unknown}
 N - a potion of lignification {unknown}
 O - a potion of berserk rage {unknown}
Books
 z - a book of the Dragon

   Spells                             Type                      Level
   a - Flame Tongue                   Conjuration/Fire             1
   b - Cause Fear                     Hexes                        4
   c - Bolt of Fire                   Conjuration/Fire             6
   d - Dragon Form                    Transmutation                7
   e - Dragon's Call                  Summoning                    9
Miscellaneous
 G - a legendary deck of changes {Focus}
Comestibles
 f - 11 bread rations
 p - 7 meat rations
 r - 47 fruits


   Skills:
 - Level 7.3 Fighting
 + Level 10.3 Axes
 + Level 4.8 Throwing
 - Level 3.2 Armour
 + Level 10.0 Dodging
 + Level 10.5 Shields
 + Level 8.6 Invocations


You had 10 spell levels left.
You didn't know any spells.

Dungeon Overview and Level Annotations

Branches:
Dungeon (13/15)            Temple (1/1) D:4            Lair (2/8) D:11
    Orc (0/2) D:10         Vaults (0/5) D:13

Altars:
Ashenzari
Cheibriados
Dithmenos
Elyvilon
Fedhas
Gozag
Kikubaaqudgha
Makhleb
Nemelex Xobeh
Okawaru
Pakellas
Qazlal
Ru
Sif Muna
Trog
Vehumet
Xom
Yredelemnul
Zin
The Shining One

Shops:
D:6 !   D:9 (*[

Annotations:
D:10 Snorg
D:11 namelastname112's ghost, novice DrSu
D:13 Josephine


Innate Abilities, Weirdness & Mutations

You are resistant to damage.
You can recharge devices by infusing magical energy.
You passively map the area around you.
You do not regenerate naturally.
You tend to lose your temper in combat.
Armour fits poorly on your strangely shaped body.
You are dopey. (Int -2)
You have an increased reservoir of magic (+10% MP).
Your spells are a little harder to cast, but a little more powerful.
You expend magic power (3 MP) to strengthen your wands.


Message History

Aim: a komodo dragon (lightly wounded)
The puff of flame hits the komodo dragon.
The komodo dragon is lightly wounded.
You feel slightly less full.
Press: ? - help, Shift-Dir - straight line, f/p - komodo dragon
Aim: a komodo dragon (lightly wounded)
The komodo dragon convulses in agony!
You feel slightly less full.
Press: ? - help, Shift-Dir - straight line, f/p - komodo dragon
Aim: a komodo dragon (moderately wounded)
The stone arrow hits the komodo dragon.
The komodo dragon is moderately wounded.
You feel slightly less full.
Press: ? - help, Shift-Dir - straight line, f/p - komodo dragon
Aim: a komodo dragon (moderately wounded)
The komodo dragon resists with some effort.
You feel slightly less full.
Your scale mail prevents you from hitting the komodo dragon.
The komodo dragon is moderately wounded.
The komodo dragon bites you!!
You die...

###
#.........#
###......##
#.......##
##.......#
##......##
#^......##
##.......#
#.......##
##.....@#
#....l.#
#.......
#.......#
#P.......#
##........*
#........
#......###
,


You could see a komodo dragon.

Vanquished Creatures
  Nergalle (Lair:1)
  An unseen horror (D:13)
  A wizard (D:13)
  2 deep elf magi
  Joseph (D:10)
  3 spiny frogs (Lair:1)
  A troll (D:13)
  Grinder (D:3)
  A vampire (D:10)
  4 yaks (Lair:1)
  A basilisk (Lair:1)
  A wraith (D:10)
  2 hungry ghosts
  3 hippogriffs
  A hog (D:13)
  2 water moccasins
  2 ice beasts
  3 orc warriors
  A wasp (D:12)
  2 black bears
  5 sky beasts
  2 ogres
  4 wolves (Lair:1)
  6 centaurs
  3 crocodiles
  Blork the orc (D:6)
  3 big kobolds
  5 giant frogs
  3 scorpions
  3 troll zombies (D:10)
  3 water moccasin skeletons
  A wight (D:11)
  6 killer bees (D:7)
  7 howler monkeys
  2 centaur zombies
  5 crimson imps
  2 jellies
  5 orc wizards
  3 orc priests
  6 hounds
  A giant frog skeleton (D:13)
  Jessica (D:7)
  A centaur skeleton (D:10)
  2 iguanas
  6 worker ants
  2 killer bee zombies
  5 ogre zombies (D:10)
  A hound skeleton (D:7)
  A howler monkey zombie (D:11)
  3 worker ant zombies
  3 gnolls (D:3)
  A howler monkey skeleton (D:6)
  14 adders
  A river rat (Lair:1)
  2 shadow imps
  An ooze (D:2)
  2 adder zombies
  2 adder skeletons (D:4)
  4 worms
  A dart slug (D:5)
  2 giant geckos
  46 orcs
  5 bats
  7 giant cockroaches
  2 gnoll zombies (D:2)
  7 goblins
  6 hobgoblins
  8 jackals
  18 kobolds
  3 quokkas
  2 ball pythons (D:2)
  5 giant newts
  7 goblin zombies (D:10)
  A hobgoblin skeleton (D:10)
  A hobgoblin zombie (D:10)
  A jackal zombie (D:7)
  15 orc zombies (D:10)
  A quokka zombie (D:5)
  8 rats
  2 fungi (D:11)
  A plant (D:9)
311 creatures vanquished.

Vanquished Creatures (collateral kills)
  A hydra (Lair:1)
  A deep troll (shapeshifter) (D:13)
  2 hill giants
  2 ugly things (D:13)
  A cyclops (D:12)
  A manticore (D:13)
  2 spiny frogs (Lair:1)
  A komodo dragon (Lair:1)
  A troll (D:13)
  A two-headed ogre (D:13)
  2 yaks (Lair:1)
  A hog (D:13)
  A hippogriff (Lair:1)
  A water moccasin (Lair:1)
  2 wolves (Lair:1)
  An ogre (D:11)
  A crocodile (Lair:1)
  A big kobold (D:13)
  2 giant frogs (Lair:1)
  4 wights (D:11)
  An orc wizard (D:13)
  An iguana (Lair:1)
  A bat (D:11)
  4 butterflies (Lair:1)
36 creatures vanquished.

Vanquished Creatures (others)
  4 fungi (D:11)
4 creatures vanquished.

Grand Total: 351 creatures vanquished

Notes
Turn   | Place    | Note
--------------------------------------------------------------
     0 | D:1      | oplop the Deep Dwarf Fighter began the quest for the Orb.
     0 | D:1      | Reached XP level 1. HP: 20/20 MP: 1/1
   575 | D:1      | Reached XP level 2. HP: 21/27 MP: 2/2
   909 | D:2      | Found a shadowy altar of Dithmenos.
   972 | D:2      | Noticed an angel
   973 | D:2      | Found a shimmering altar of Xom.
   974 | D:2      | Found a glowing silver altar of Zin.
  1016 | D:2      | oplop: позавтракал?
  1096 | D:2      | Found a basalt altar of Yredelemnul.
  1358 | D:2      | Reached XP level 3. HP: 33/34 MP: 3/3
  1432 | D:2      | Reached skill level 1 in Dodging
  1738 | D:3      | Noticed Grinder
  1751 | D:3      | Reached XP level 4. HP: 20/42 MP: 4/4
  1754 | D:3      | Killed Grinder
  1754 | D:3      | Reached XP level 5. HP: 23/50 MP: 5/5
  1819 | D:3      | Noticed a sky beast
  2105 | D:3      | Reached XP level 6. HP: 36/57 MP: 5/5
  2177 | D:3      | Found a white marble altar of Elyvilon.
  2461 | D:4      | Reached skill level 5 in Shields
  2630 | D:4      | Found a staircase to the Ecumenical Temple.
  2650 | Temple   | Entered the Ecumenical Temple
  3175 | D:4      | namelastname112: да
  3217 | D:5      | Entered Level 5 of the Dungeon
  3263 | D:5      | namelastname112: ряженки купил
  3269 | D:5      | Reached XP level 7. HP: 27/64 MP: 6/6
  3271 | D:5      | namelastname112: и вафли вкусные
  3516 | D:5      | namelastname112: ща вот аквариум выпал на дрсу
  3518 | D:5      | Reached skill level 5 in Axes
  3558 | D:5      | namelastname112: думаю
  3560 | D:5      | namelastname112: че просить
  4037 | D:6      | Reached XP level 8. HP: 20/73 MP: 7/7
  4176 | D:3      | Reached skill level 5 in Fighting
  4591 | D:6      | Reached skill level 5 in Dodging
  4609 | D:6      | Gained mutation: You are dopey. (Int -2) [mutagenic meat]
  4610 | D:6      | Gained mutation: You tend to lose your temper in combat. [mutagenic meat]
  4611 | D:6      | Gained mutation: You expend magic power (3 MP) to strengthen your wands. [mutagenic meat]
  4612 | D:6      | namelastname112: пиздец сука
  4612 | D:6      | namelastname112: блять
  4637 | D:6      | namelastname112: попросил палку
  4637 | D:6      | namelastname112: стафф
  4674 | D:6      | namelastname112: угадай блять
  4675 | D:6      | namelastname112: че мне выпало
  4675 | D:6      | oplop: саммонинг?
  4675 | D:6      | namelastname112: _Something appears at your feet! _R - the cursed +7 Sceptre of Torment
  4675 | D:6      | oplop: лал
  4675 | D:6      | oplop: норм
  4774 | D:6      | Found a glowing golden altar of the Shining One.
  4808 | D:6      | Noticed Blork the orc
  4823 | D:6      | Killed Blork the orc
  4852 | D:6      | Found Memmyx's Distillery.
  4865 | D:6      | Bought a potion of curing for 33 gold pieces
  4865 | D:6      | Bought a potion of heal wounds for 55 gold pieces
  4865 | D:6      | Bought a potion of flight for 33 gold pieces
  4916 | D:6      | Found a snail-covered altar of Cheibriados.
  5113 | D:6      | Found an oddly glowing altar of Pakellas.
  5113 | D:6      | Found an iron altar of Okawaru.
  5129 | D:6      | Gained mutation: You have an increased reservoir of magic (+10% MP). [potion of mutation]
  5129 | D:6      | Gained mutation: Your spells are a little harder to cast, but a little more powerful. [potion of mutation]
  5130 | D:6      | Found a shattered altar of Ashenzari.
  5136 | D:6      | Found a blossoming altar of Fedhas.
  5524 | D:7      | Found an opulent altar of Gozag.
  5539 | D:7      | Gained mutation: You passively map the area around you. [Deep Dwarf growth]
  5539 | D:7      | Reached XP level 9. HP: 48/82 MP: 8/8
  5672 | D:7      | Found a bloodstained altar of Trog.
  5672 | D:7      | Found a burning altar of Makhleb.
  5742 | D:7      | Became a worshipper of Makhleb the Destroyer
  5782 | D:7      | Reached skill level 1 in Invocations
  5958 | D:7      | Gained mutation: Armour fits poorly on your strangely shaped body. [mutagenic meat]
  6019 | D:7      | Noticed Jessica
  6032 | D:7      | Killed Jessica
  6044 | D:7      | Found a deep blue altar of Sif Muna.
  6137 | D:8      | Found a white marble altar of Elyvilon.
  6367 | D:8      | Reached * piety under Makhleb
  6470 | D:8      | HP: 1/85 [orc warrior/long sword (12)]
  6803 | D:9      | Found Sukk's Armour Emporium.
  6811 | D:9      | Bought a +1 helmet of see invisible for 214 gold pieces
  6894 | D:9      | Noticed a deep elf mage
  6900 | D:9      | Noticed a jumping spider
  6906 | D:9      | Killed a deep elf mage
  6906 | D:9      | Reached XP level 10. HP: 28/92 MP: 11/13
  7028 | D:9      | Found Hirej's Weapon Shoppe.
  7042 | D:9      | Found an opulent altar of Gozag.
  7104 | D:9      | Found Biph's Assorted Antiques.
  7118 | D:9      | Bought a golden potion for 29 gold pieces
  7118 | D:9      | Bought a golden potion for 29 gold pieces
  7179 | D:10     | Entered Level 10 of the Dungeon
  7360 | D:10     | Reached ** piety under Makhleb
  7730 | D:10     | Reached skill level 5 in Invocations
  7785 | D:10     | Found a staircase to the Orcish Mines.
  7813 | D:10     | Reached *** piety under Makhleb
  7857 | D:10     | Found a glowing golden altar of the Shining One.
  7919 | D:10     | Noticed Snorg
  7923 | D:10     | Noticed Joseph
  8128 | D:10     | Killed Joseph
  8349 | D:11     | Reached skill level 1 in Throwing
  8391 | D:11     | Noticed namelastname112's ghost (novice DrSu)
  8391 | D:11     | oplop: Namelastname112's ghost. The apparition of namelastname112 the Summoner, a novice Pale Draconian Summoner of Ashenzari.
  8636 | D:12     | Noticed a deep elf mage
  8646 | D:12     | Killed a deep elf mage
  8695 | D:12     | Noticed a hill giant
  8698 | D:12     | Noticed a cyclops
  8707 | D:12     | Killed a hill giant
  8713 | D:12     | Killed a cyclops
  9230 | D:13     | Noticed a white ugly thing
  9243 | D:13     | Killed a white ugly thing
  9262 | D:13     | Reached XP level 11. HP: 56/100 MP: 7/14
  9282 | D:13     | Noticed a wizard
  9290 | D:13     | Killed a wizard
  9290 | D:13     | Reached **** piety under Makhleb
  9300 | D:13     | Noticed a hill giant
  9306 | D:13     | Killed a hill giant
  9307 | D:13     | Found a gate to the Vaults.
  9371 | D:13     | Noticed a fire crab
  9371 | D:13     | a fire crab changed into a komodo dragon
  9373 | D:13     | Noticed a lindwurm
  9373 | D:13     | a komodo dragon changed into a lindwurm
  9377 | D:13     | Noticed a deep troll
  9377 | D:13     | a lindwurm changed into a deep troll
  9379 | D:13     | Killed a deep troll
  9388 | D:13     | Noticed an unseen horror
  9402 | D:13     | Killed an unseen horror
  9448 | D:13     | Reached skill level 10 in Shields
  9658 | D:13     | Noticed a cyan ugly thing
  9665 | D:13     | HP: 2/100 [cyan ugly thing (11)]
  9670 | D:13     | Killed a cyan ugly thing
  9829 | D:13     | Noticed Josephine
  9835 | D:13     | namelastname112: сука
  9844 | D:12     | namelastname112: там твой призрак
  9844 | D:12     | namelastname112: лол
  9844 | D:12     | namelastname112: с пушкой венома
  9844 | D:12     | oplop: а у меня твой
  9844 | D:12     | oplop: дд чтоле?
  9844 | D:12     | namelastname112: мой страшнее
  9844 | D:12     | namelastname112: да
  9844 | D:12     | namelastname112: дд
  9901 | D:11     | Found a staircase to the Lair.
  9931 | Lair:1   | Entered Level 1 of the Lair of Beasts
 10016 | Lair:1   | HP: 4/100 [spiny frog (10)]
 10215 | Lair:1   | Reached skill level 10 in Axes
 10262 | Lair:1   | Noticed Nergalle
 10283 | Lair:1   | Killed Nergalle
 10716 | Lair:1   | Noticed a six-headed hydra
 10743 | Lair:1   | Killed a seven-headed hydra
 10957 | Lair:2   | Reached skill level 10 in Dodging
 11026 | Lair:2   | Slain by a komodo dragon

Skill      XL: |  1  2  3  4  5  6  7  8  9 10 11 |
---------------+----------------------------------+-----
Fighting       | 3 4 5 6 7 |  7.3
Dodging        | 1 2 3 4 6 7 8 10 | 10.0
Axes           | 3 4 5 7 8 9 10 | 10.3
Shields        | 4 5 6 7 8 9 10 | 10.5
Invocations    | 4 6 8 |  8.6
Throwing       | 2 4 |  4.8
Armour         | |  3.2

Action                   |  1- 3 |  4- 6 |  7- 9 | 10-12 || total
-------------------------+-------+-------+-------+-------++-------
Melee: War axe           |   133 |   137 |   530 |   518 ||  1318
Invok: Lesser Servant of |       |       |       |    17 ||    17
       Minor Destruction |       |       |       |    20 ||    20
 Abil: Device Recharging |       |     1 |       |     4 ||     5
Evoke: Wand              |     2 |     6 |    21 |    38 ||    67
  Use: Potion            |     1 |       |     3 |     1 ||     5
       Scroll            |       |     6 |    10 |    16 ||    32
 Stab: Confused          |       |       |     4 |     5 ||     9
       Distracted        |       |       |       |     3 ||     3
  Eat: Chunk             |     1 |     7 |    17 |    32 ||    57
       Pizza             |       |       |     2 |       ||     2
       Meat ration       |       |       |       |     1 ||     1
       Beef jerky        |       |       |       |     1 ||     1
Armor: Scale mail        |    52 |    67 |   201 |   111 ||   431
Dodge: Dodged            |    41 |    51 |   254 |   245 ||   591
Block: Shield            |    81 |    91 |   363 |   378 ||   913
